Map: Ruins of Seras

Players

SticklerMac

  • Race: Terran Terran
  • League: Bronze

Mortavion - Winner!

  • Race: Zerg Zerg
  • League: Bronze

VOD

Have the link to the VOD?

Description

Time

  • Played on: July 28, 2015, 5:08 p.m.
  • Length: 14:30
Show
View Real Time Build Order
Export as new Build Order

SticklerMac Terran 

Build Orders:  

Get SALT Encoding   

  12  0:01  SCV  
  13  0:13  SCV  
  14  0:21  Supply Depot  
  14  0:25  SCV  
  16  0:42  SCV  
  16  0:44  Barracks  
  16  0:55  SCV  
  17  0:58  Barracks  
  17  1:07  SCV  
  18  1:17  Barracks  
  18  1:21  SCV  
  19  1:32  Supply Depot  
  19  1:37  Marine  
  20  1:40  SCV  
  20  1:47  Marine  
  22  1:55  Marine  
  23  2:04  Marine  
  23  2:05  Marine  
  25  2:13  Marine  
  26  2:22  Marine  
  25  2:34  Marine x2  
  27  2:40  Marine  
  28  2:47  Barracks  
  28  2:55  Marine  
  28  2:56  Marine  
  30  3:05  Marine  
  31  3:33  Bunker  
  31  3:34  Marine  
  31  3:56  Marine  
  31  3:57  Marine  
  31  4:02  Marine  
  31  4:11  Supply Depot  
  31  4:13  Supply Depot  
  31  4:18  Command Center  
  31  4:32  Marine  
  31  4:33  Marine x3  
  35  4:50  Marine x4  
  38  5:08  Marine x3  
  41  5:15  Marine  
  42  5:26  Marine x3  
  39  5:33  Marine  
  36  5:44  Marine x3  
  39  5:50  Supply Depot  
  39  5:56  Barracks  
  39  5:58  Barracks  
  39  6:00  Barracks  
  39  6:01  Barracks  
  37  6:07  Marine  
  37  6:08  Marine x3  
  41  6:23  SCV  
  41  6:25  Marine  
  43  6:35  SCV  
  44  6:40  Marine x2  
  44  6:41  Marine  
  44  6:43  Marine  
  48  6:47  SCV  
  48  6:51  Marine x2  
  48  6:53  Marine  
  52  6:56  Marine  
  52  6:59  SCV  
  54  7:08  SCV  
  54  7:11  SCV, Marine  
  54  7:14  Marine  
  58  7:20  SCV  
  59  7:23  SCV  
  59  7:25  Marine x2  
  59  7:26  Marine x2  
  64  7:32  Marine  
  64  7:33  Marine x2  
  67  7:48  Marine x3  
  70  7:56  Marine  
  70  8:22  Marine  
  70  9:07  Marine  
  70  9:20  Barracks  
  70  9:22  Barracks x2  
  70  9:23  Barracks  
  70  9:55  SCV, Marine x5  
  70  9:56  SCV, Marine x3  
  31  10:08  SCV  
  31  10:12  Marine  
  31  10:13  Marine x4  
  31  10:14  Marine x3  
  34  10:20  SCV  
  38  10:30  Marine  
  38  10:31  Marine x8  
  38  10:32  SCV, Marine x3  
  52  10:48  Orbital Command, Marine x5  
  52  10:49  Marine x2  
  58  10:50  Orbital Command, Marine x2  
  60  11:01  Supply Depot  
  60  11:02  Supply Depot  
  54  11:06  Marine x5  
  54  11:07  Marine x3  
  49  11:37  Marine  
  49  11:38  Marine x11  
  61  11:51  SCV x2  
  63  12:03  SCV x2  
  65  12:09  Marine  
  65  12:10  Marine x5  
  71  12:20  Marine  
  71  12:21  Marine x3  
  72  12:41  Marine  
  72  12:42  Marine x6  
  79  12:51  Marine  
  79  12:52  Marine  
  79  12:53  Marine  
  42  13:16  Marine  
  42  13:17  Marine x5  
  42  13:18  Marine  
  44  13:23  Marine  
  44  13:24  Marine  
  46  13:34  Marine  
  46  13:35  Marine x3  
  46  13:39  SCV  
  50  14:03  Marine  
  50  14:04  Marine x7  
Show
View Real Time Build Order
Export as new Build Order

Mortavion Zerg - Winner!

Build Orders: Pool First, Lurkers 

Get SALT Encoding   

  12  0:19  Spawning Pool  
  11  0:23  Drone  
  12  0:34  Drone  
  13  0:37  Drone  
  14  0:43  Overlord  
  14  1:07  Zergling x4  
  14  1:11  Zergling x2  
  17  1:25  Queen  
  17  1:30  Drone  
  17  1:32  Roach Warren  
  19  1:35  Extractor  
  18  1:44  Drone  
  19  1:50  Drone  
  17  2:31  Drone x2  
  17  2:35  Zergling x2  
  20  2:52  Zergling x2  
  21  3:02  Hatchery, Overlord  
  20  3:10  Spine Crawler  
  20  3:11  Spine Crawler  
  18  3:30  Roach  
  18  3:31  Roach x3  
  25  3:45  Roach  
  27  3:50  Roach  
  28  4:09  Roach  
  30  4:14  Ravager  
  31  4:17  Drone  
  31  4:18  Queen  
  34  4:34  Ravager  
  35  5:00  Overlord x2  
  35  5:01  Overlord  
  35  5:08  Drone  
  35  5:11  Overlord x2  
  20  5:37  Roach x3  
  26  5:50  Lair  
  26  5:55  Extractor  
  26  5:56  Drone x3  
  28  6:19  Drone x2  
  28  6:25  Extractor  
  29  6:26  Extractor  
  28  6:33  Hatchery  
  28  6:36  Drone  
  28  6:54  Spire  
  27  7:03  Hydralisk Den  
  27  7:05  Queen  
  27  7:08  Overlord x2  
  28  7:22  Drone x3  
  31  7:24  Lurker Den  
  31  7:25  Drone x2  
  33  7:45  Drone x2  
  29  8:08  Mutalisk  
  29  8:09  Mutalisk  
  25  8:27  Hydralisk  
  27  8:42  Hydralisk  
  23  9:11  Lurker  
  23  9:12  Lurker  
  23  9:14  Drone  
  26  9:27  Drone  
  27  9:44  Spine Crawler  
  26  9:48  Drone  
  27  10:30  Hydralisk x2  
  27  10:34  Drone x2  
  27  11:32  Lurker  
  27  11:33  Lurker  
  28  11:40  Drone x3  
  28  11:44  Drone x2  
  28  11:45  Drone x4  
  36  11:50  Zerg Flyer Weapons Level 1  
  36  12:05  Hydralisk x2  
  40  12:10  Drone x2  
  42  12:42  Hydralisk x3  
  48  12:50  Queen  
  50  12:59  Hydralisk  
  52  13:19  Hatchery  
  51  13:22  Lurker  
  51  13:23  Lurker  
  51  13:26  Lurker, Queen  
  51  13:27  Lurker x3  
  59  13:31  Drone x3  
  62  13:35  Extractor  
  62  13:37  Extractor  
  60  13:46  Mutalisk  
Tags
 
Composition
Lurkers
Matchup
TvZ
Opening
Pool First
Add a new tag
Caveats
  • Supply blocks, unpowered buildings, or Contaminate may cause inaccurate times.
  • Supply counts are checked every 10 seconds.